 Dungeon Crawl Stone Soup version 0.30-a0-591-g3c58d2bc28 (webtiles) character file.

Game seed: 6323914927318811793

409 wormed the Changer (level 6, -4/38 HPs)
             Began as an Octopode Transmuter on Jan 4, 2023.
             Was an Initiate of Gozag.
             Slain by a lemure (8 damage)
             ... led by Pikel
             ... on level 5 of the Dungeon.
             The game lasted 00:07:17 (4761 turns).

wormed the Changer (Octopode Transmuter)            Turns: 4761, Time: 00:07:17

Health: -4/38      AC:  1    Str:  9    XL:     6   Next: 89%
Magic:  10/12      EV: 13    Int: 18    God:    Gozag
Gold:   358        SH:  0    Dex: 12    Spells: 10/13 levels left

rFire   . . .      SeeInvis .      - Unarmed
rCold   . . .      Faith    .    (no shield)
rNeg    + . .      Spirit   .    (helmet currently unavailable)
rPois   .          Reflect  .    (no amulet)
rElec   .          Harm     .    e - ring of positive energy
rCorr   .          Rampage  .    (no ring)
Will    .....                    (no ring)
Stlth   ++                       (no ring)
HPRegen 0.26/turn                (no ring)
MPRegen 0.13/turn                (no ring)
                                 (no ring)
                                 (no ring)

@: about to teleport, appendages (expiring), wereblooded
A: tentacle spike 3, almost no armour, amphibious, 8 rings, camouflage 1,
gelatinous body 1, (nimble swimmer 1), tentacles
a: End Transformation, Renounce Religion, Potion Petition, Call Merchant, Bribe
Branch


You were on level 5 of the Dungeon.
You worshipped Gozag.
Gozag was aware of your devotion.
One of your tentacles had grown a beastly spike.
You visited 1 branch of the dungeon, and saw 5 of its levels.

You collected 419 gold pieces.
You spent 20 gold pieces at shops.
You paid 41 gold pieces to Gozag.

Inventory:

Jewellery
 e - a ring of positive energy (left tentacle)
 g - a ring of protection from cold
Wands
 f - a wand of polymorph (13)
Scrolls
 a - 4 scrolls of teleportation
 c - a scroll of identify
 d - a scroll of magic mapping
 i - a scroll of silence
 k - a scroll of enchant armour
Potions
 b - 2 potions of flight
 h - a potion of brilliance


   Skills:
 - Level 1.0 Fighting
 - Level 2.0 Dodging
 - Level 3.0 Unarmed Combat
 + Level 4.0 Spellcasting
 + Level 4.3 Transmutations
 + Level 3.7 Ice Magic


You had 10 spell levels left.
You knew the following spells:

 Your Spells              Type           Power      Damage    Failure   Level
a - Beastly Appendage     Tmut           38%        N/A       2%          1
b - Wereblood             Tmut           19%        N/A       3%          2

Your spell library contained the following spells:

 Spells                   Type           Power      Damage    Failure   Level
 Spider Form              Tmut/Pois      11%        N/A       19%         3
 Ignite Poison            Fire/Tmut/Pois 8%         N/A       24%         3
 Ice Form                 Ice/Tmut       18%        N/A       28%         4
 Kindle Blastsparks       Fire/Tloc/Air  6%         2d10      41%         3
 Freezing Cloud           Conj/Ice/Air   4%         6-21      94%         5


Dungeon Overview and Level Annotations

Branches:
Dungeon (5/15)             Temple (0/1) D:5

Altars:
Dithmenos
Gozag
Kikubaaqudgha
Nemelex Xobeh

Shops:
D:1 ?   D:3 *

Portals:
Sewer: D:5

Annotations:
D:2 1 runed translucent door, Crazy Yiuf


Innate Abilities, Weirdness & Mutations

One of your tentacles has grown a beastly spike.
You cannot wear most types of armour.
You are amphibious.
You can wear up to eight rings at the same time.
Your skin changes colour to match your surroundings (Stealth+).
Your rubbery body absorbs attacks. (AC +1, EV +1)
((You are camouflaged when in or above water. (Stealth+)))
You have tentacles for arms and can constrict up to eight enemies at once.


Message History

You pierce the lemure.
You squeeze the lemure.
The lemure is heavily wounded.
You constrict the lemure. The lemure hits you.
You release your grip on the lemure.
You tentacle-slap the lemure but do no damage.
You grab the lemure.
You pierce the lemure.
You squeeze the lemure.
The lemure is severely wounded.
You constrict the lemure. The lemure hits you.
You tentacle-slap the lemure but do no damage.
The lemure is almost dead.
You constrict the lemure. The lemure barely misses you.
You tentacle-slap the lemure but do no damage.
You pierce the lemure.
You kill the lemure!
That felt strangely unrewarding.
Your transformation is almost over.
You tentacle-slap the lemure. Your grab misses the lemure.
You pierce the lemure.
Your squeeze misses the lemure.
The lemure is moderately wounded.
The lemure hits you.
* * * LOW HITPOINT WARNING * * *
You tentacle-slap the lemure but do no damage.
You grab the lemure.
The lemure is moderately wounded.
You constrict the lemure, but do no damage.
The lemure hits you!
* * * LOW HITPOINT WARNING * * *
As you read the scroll of teleportation, it crumbles to dust.
You feel strangely unstable.
You constrict the lemure. The lemure closely misses you.
You barely miss the lemure.
You pierce the lemure.
The lemure is moderately wounded.
You constrict the lemure, but do no damage.
The lemure barely misses you.
You tentacle-slap the lemure. Your squeeze misses the lemure.
The lemure is moderately wounded.
You constrict the lemure, but do no damage.
The lemure hits you!
You die...
Your body crumbles into a pile of gold.

###.#
.Y.#.##...##
#..# # ...##
##.#######..#
#...#
#.#........#
#....
$..#.#####.##
#..## ## #.#
#.# #..
#.#####.#####.#
#.............#
#######.#######
#@# #5# #O#####
#...$.#
...#####.###$#
8........# #.#
..######## #.#
#5# #.#


You could see an ogre and a lemure.

Vanquished Creatures
  A lemure (D:5)
  A bullfrog (D:3)
  A scorpion (D:5)
  A howler monkey (D:3)
  A hound (D:5)
  An orc priest (D:3)
  Jessica (D:2)
  An orc wizard (D:5)
  3 adders
  A gnoll (D:4)
  An ufetubus (D:4)
  2 worms
  2 dart slugs
  10 orcs
  3 bats
  8 endoplasms
  6 giant cockroaches
  4 hobgoblins (D:1)
  6 kobolds
  2 quokkas
  5 ball pythons
  7 frilled lizards
  10 goblins
  4 rats
82 creatures vanquished.

Vanquished Creatures (others)
  A withered plant (D:3)
1 creature vanquished.

Grand Total: 83 creatures vanquished

Notes
Turn   | Place    | Note
-------+----------+-------------------------------------------
     0 | D:1      | wormed the Octopode Transmuter began the quest for the Orb.
     0 | D:1      | Reached XP level 1. HP: 13/13 MP: 3/3
   510 | D:1      | Reached XP level 2. HP: 8/18 MP: 5/5
   522 | D:1      | Learned a level 2 spell: Wereblood
   531 | D:1      | Reached skill level 1 in Ice Magic
  1184 | D:1      | Found Juidir's Magic Scroll Shoppe.
  1188 | D:1      | Bought a scroll of identify for 20 gold pieces
  1292 | D:2      | Reached XP level 3. HP: 23/23 MP: 3/6
  1365 | D:2      | Found a faded altar of an unknown god.
  1374 | D:2      | Noticed Jessica
  1389 | D:2      | Killed Jessica
  1390 | D:2      | Reached XP level 4. HP: 28/28 MP: 5/8
  1834 | D:2      | Found a runed translucent door.
  1835 | D:2      | Noticed Crazy Yiuf
  2051 | D:3      | Found an opulent altar of Gozag.
  2054 | D:3      | Found Gozag's Platinum Reserve.
  2079 | D:3      | Became a worshipper of Gozag Ym Sagoz the Greedy
  2291 | D:3      | Noticed a bullfrog
  2300 | D:3      | Killed a bullfrog
  2301 | D:3      | Reached XP level 5. HP: 24/33 MP: 6/9
  2506 | D:3      | Found an ancient bone altar of Kikubaaqudgha.
  2599 | D:3      | Found a sparkling altar of Nemelex Xobeh.
  3126 | D:3      | Reached XP level 6. HP: 21/38 MP: 7/11
  3790 | D:4      | HP: 1/38 [gnoll sergeant/+0 trident (7)]
  4359 | D:5      | Entered Level 5 of the Dungeon
  4359 | D:5      | Noticed an ice beast
  4490 | D:5      | Found a staircase to the Ecumenical Temple.
  4660 | D:5      | Found a shadowy altar of Dithmenos.
  4674 | D:5      | Found a glowing drain.
  4761 | D:5      | Slain by a lemure

Illustrated notes

Levels and vault maps discovered:
D:1:      minmay_arrival_stair_chambers, layout_loops_corners, serial_shops,
          shop, minmay_vboxes
D:2:      layout_basic, dreamdust_ecumenical_altar_statues,
          minmay_misc_feat_four_crosses, st_stairs_13, uniq_jessica,
          uniq_crazy_yiuf_cottage
D:3:      minmay_chambers_of_threes, layout_basic, kiku_gazebo_garden_becter,
          nemelex_xobeh_ov_fountains_minmay, nicolae_gozag_zags_fifth_avenue,
          chequers_serial_rivers_micro_b
D:4:      nicolae_cairo_tiling, layout_loops_ring, kennysheep_dice
D:5:      layout_loops_ring, mainiacjoe_overflow_concentric_impassable,
          minmay_temple_entry_waves, gup_sewer_entry_glass, grunt_ministairs_14,
          kennysheep_generic_room_12, uniq_pikel

Skill      XL: |  1  2  3  4  5  6 |
---------------+-------------------+-----
Ice Magic      | 1 2 3 |  3.7
Transmutations | 3 4 |  4.3
Spellcasting   | 3 4 |  4.0
Fighting       | |  1.0
Dodging        | |  2.0
Unarmed Combat | |  3.0

Action                   |  1- 3 |  4- 6 || total
-------------------------+-------+-------++-------
Melee: Unarmed           |    53 |   141 ||   194
       Constrict         |    15 |    40 ||    55
       Kick              |    10 |    52 ||    62
       Tentacles         |     5 |    36 ||    41
       Punch             |       |     6 ||     6
 Cast: Beastly Appendage |     8 |    34 ||    42
       Wereblood         |     8 |    34 ||    42
  Use: Potion            |     1 |       ||     1
       Scroll            |     4 |     7 ||    11
 Stab: Sleeping          |       |     3 ||     3
Armor: Skin              |     3 |     7 ||    10
Dodge: Dodged            |    31 |    77 ||   108

Table legend: (Time is in decaauts)
 A = Elapsed time spent in this place.
 B = Non-inter-level travel time spent in this place.
 C = Inter-level travel time spent in this place.
 D = Time resting spent in this place.
 E = Time spent auto-exploring this place.
 F = Levels seen in this place.
 G = Mean time per level.
                   A        B        C        D        E       F      G
               +--------+--------+--------+--------+--------+-----+--------+
         Total |   4756 |   4649 |    107 |    528 |   3402 |   5 |  951.2 |
       Dungeon |   4756 |   4649 |    107 |    528 |   3402 |   5 |  951.2 |
               +--------+--------+--------+--------+--------+-----+--------+

Top non-repeatable levels by time:
     D:3: 1535 daAuts
     D:1: 1228 daAuts
     D:2: 822 daAuts
     D:4: 786 daAuts
     D:5: 383 daAuts
